 Dungeon Crawl Stone Soup version 0.30.1-6-gbe392663c4 (webtiles) character file.

Game seed: 5205715109769606097

1852 Kurtz the Cleaver (level 9, -15/50 HPs)
             Began as a Tengu Fighter on Sept 20, 2023.
             Demolished by an orc warrior
             ... wielding a +0 glaive
              (21 damage)
             ... on level 7 of the Dungeon.
             The game lasted 00:03:34 (5645 turns).

Kurtz the Cleaver (Tengu Fighter)                   Turns: 5645, Time: 00:03:34

Health: -15/50     AC: 11    Str: 21    XL:     9   Next: 12%
Magic:  10/10      EV:  6    Int:  8    God:
Gold:   287        SH:  5    Dex: 14    Spells: 8/8 levels left

rFire   . . .        r - +1 hand axe (vamp)
rCold   . . .        c - +0 buckler
rNeg    . . .        D - +0 plate armour
rPois   .            (helmet restricted)
rElec   .            (no cloak)
rCorr   +            (no gloves)
SInv    .            (boots unavailable)
Will    .....        (no amulet) Stlth
                     o - ring of resist corrosion
HPRegen 0.28/turn    (no ring)
MPRegen 0.12/turn

%: no passive effects
@: flying quickly and evasively, quick
A: beak, talons 3, nimble flight
a: no special abilities


You were on level 7 of the Dungeon.
You visited 2 branches of the dungeon, and saw 8 of its levels.

You collected 352 gold pieces.
You spent 65 gold pieces at shops.

Inventory:

Hand Weapons
 a - a +0 war axe
 r - a +1 vampiric hand axe (weapon)
Armour
 b - a +0 scale mail
 c - a +0 buckler (worn)
 q - a +0 chain mail
 D - a +0 plate armour (worn)
Jewellery
 o - a ring of resist corrosion (left hand)
 p - an amulet of magic regeneration
Wands
 y - a wand of iceblast (13)
Scrolls
 e - 6 scrolls of fog {unknown}
 f - 2 scrolls of enchant weapon {unknown}
 h - 9 scrolls of identify {unknown}
 k - 2 scrolls of poison {unknown}
 t - 3 scrolls of enchant armour {unknown}
 u - a scroll of immolation {unknown}
 v - 2 scrolls of vulnerability {unknown}
 w - a scroll of teleportation {unknown}
 x - a scroll of blinking {unknown}
 z - a scroll of fear {unknown}
 A - a scroll of butterflies {unknown}
 B - a scroll of noise {unknown}
 C - 2 scrolls of amnesia {unknown}
Potions
 d - a potion of might
 g - a potion of degeneration {unknown}
 i - 2 potions of flight {unknown}
 j - a potion of heal wounds
 l - 2 potions of magic {unknown}
 m - a potion of brilliance {unknown}
 n - 2 potions of lignification {unknown}
 s - a potion of curing {unknown}


   Skills:
 - Level 3.0 Fighting
 * Level 12.7 Axes
 - Level 3.2 Armour
 - Level 3.0 Shields


You had 8 spell levels left.
You didn't know any spells.
Your spell library contained the following spells:

 Spells                   Type           Power      Damage    Failure   Level
 Lesser Beckoning         Tloc           0%         N/A       100%        2
 Gell's Gravitas          Tloc           0%         N/A       100%        3
 Ignite Poison            Fire/Tmut/Pois 0%         N/A       100%        3
 Inner Flame              Hex/Fire       0%         N/A       100%        3
 Ozocubu's Armour         Ice            0%         N/A       100%        3
 Teleport Other           Tloc           0%         N/A       100%        3
 Cause Fear               Hex            0%         N/A       100%        4
 Sticky Flame             Conj/Fire      0%         2d3       100%        4
 Blade Hands              Tmut           0%         N/A       100%        5
 Irradiate                Conj/Tmut      0%         3d11      100%        5
 Metabolic Englaciation   Hex/Ice        0%         N/A       100%        5
 Yara's Violent Unravell  Hex/Tmut       0%         3d3       100%        5
 Simulacrum               Ice/Necr       0%         N/A       100%        6
 Dragon Form              Tmut           0%         N/A       100%        7
 Enfeeble                 Hex            0%         N/A       100%        7
 Ignition                 Fire           0%         3d3       100%        8
 Dragon's Call            Summ           0%         N/A       100%        9


Dungeon Overview and Level Annotations

Branches:
Dungeon (7/15)             Temple (1/1) D:6

Altars:
Ashenzari
Cheibriados
Elyvilon
Fedhas
Gozag
Hepliaklqana
Kikubaaqudgha
Nemelex Xobeh
Qazlal
Ru
Sif Muna
Trog
Uskayaw
Vehumet
Xom
Zin
The Shining One

Shops:
D:5 *

Annotations:
D:7 Prince Ribbit


Innate Abilities, Weirdness & Mutations

You have a beak for a mouth.
You have claws for feet.
Your magical nature lets you fly swiftly and evasively.


Message History

You miss Prince Ribbit. Your kick misses Prince Ribbit.
You completely miss the orc wizard.
Prince Ribbit hops awkwardly around.
Prince Ribbit blinks!
The orc wizard hits you with a +0 dagger.
The orc warrior hits you with a +0 glaive.
Things that are here:
a +0 hand axe; a boomerang; a +0 leather armour Unknown command.
The orc wizard gestures at you while chanting.
The magic dart hits you but does no damage.
You block the orc warrior's attack.
Prince Ribbit says, "You're just another fly to me."
Prince Ribbit hits you!
* * * LOW HITPOINT WARNING * * *
You hit the orc warrior.
You feel better.
Your kick misses the orc warrior.
You peck the orc warrior, but do no damage.
The orc warrior is lightly wounded.
You miss the orc wizard. You hit Prince Ribbit.
You feel better.
Prince Ribbit hits you but does no damage.
The orc warrior hits you with a +0 glaive!
* * * LOW HITPOINT WARNING * * *
You block the orc wizard's attack.
Unknown command.
Unknown command.
You completely miss the orc warrior. Your kick misses the orc warrior.
You peck the orc warrior, but do no damage.
The orc warrior is lightly wounded.
You hit Prince Ribbit. You barely miss the orc wizard.
Prince Ribbit closely misses you.
The orc wizard hits you with a +0 dagger.
* * * LOW HITPOINT WARNING * * *
The orc warrior barely misses you.
Prince Ribbit hops awkwardly around.
Prince Ribbit blinks!
You closely miss the orc warrior. You peck the orc warrior.
The orc warrior is moderately wounded.
You miss the orc wizard.
The orc warrior hits you with a +0 glaive!!
You die...

# . ..... #.##.
(... ..>..##
.#.### .....
..... ... ...
###.#.#
#!###..#<.#
#......o..###..#
..##.#@).......
# #o§.#.....
.....####..
#.#..... #
#.#...... .
...##### ## #F##
...


You could see Prince Ribbit, an orc warrior and an orc wizard.

Vanquished Creatures
  A water moccasin (D:6)
  An orc warrior (D:4)
  An ice beast (D:6)
  A black bear (D:4)
  A centaur (D:6)
  3 phantoms
  2 bullfrogs (D:6)
  4 scorpions
  A howler monkey (D:7)
  2 hounds
  7 orc priests
  A sleepcap (D:5)
  3 iguanas
  6 orc wizards
  3 gnolls (D:3)
  9 adders
  A shadow imp (D:5)
  A white imp (D:5)
  An ufetubus (D:6)
  2 dart slugs
  3 worms
  21 orcs
  9 bats
  8 endoplasms
  8 goblins
  5 hobgoblins
  2 jackals (D:1)
  3 quokkas
  9 ball pythons
  A frilled lizard (D:1)
  4 kobolds
  6 rats
130 creatures vanquished.

Notes
Turn   | Place    | Note
-------+----------+-------------------------------------------
     0 | D:1      | Kurtz the Tengu Fighter began the quest for the Orb.
     0 | D:1      | Reached XP level 1. HP: 14/14 MP: 2/2
    70 | D:1      | Reached XP level 2. HP: 19/19 MP: 3/3
    95 | D:1      | Reached skill level 3 in Axes
   492 | D:2      | Reached skill level 4 in Axes
   492 | D:2      | Reached XP level 3. HP: 22/23 MP: 4/4
  1338 | D:3      | Reached XP level 4. HP: 28/28 MP: 5/5
  1381 | D:3      | Reached skill level 5 in Axes
  1569 | D:3      | Found a radiant altar of Vehumet.
  1710 | D:3      | Gained mutation: Your magical nature lets you fly swiftly
                  | and evasively. [Tengu growth]
  1710 | D:3      | Reached XP level 5. HP: 32/32 MP: 6/6
  2071 | D:4      | Reached skill level 6 in Axes
  2350 | D:4      | Reached XP level 6. HP: 22/37 MP: 7/7
  2516 | D:4      | Reached skill level 7 in Axes
  2664 | D:4      | Noticed a black bear
  2672 | D:4      | Killed a black bear
  2751 | D:4      | Reached skill level 8 in Axes
  2751 | D:4      | Reached XP level 7. HP: 28/41 MP: 8/8
  3034 | D:5      | Entered Level 5 of the Dungeon
  3072 | D:5      | Reached skill level 9 in Axes
  3201 | D:5      | Found a shimmering altar of Xom.
  3239 | D:5      | Found Yvopat's General Store.
  3248 | D:5      | Bought a potion of heal wounds for 65 gold pieces
  3295 | D:5      | Reached XP level 8. HP: 39/46 MP: 9/9
  3305 | D:5      | Reached skill level 10 in Axes
  3664 | D:5      | Found a glowing silver altar of Zin.
  3931 | D:6      | Reached skill level 11 in Axes
  4286 | D:6      | Found a blossoming altar of Fedhas.
  4287 | D:6      | Found a hide-covered altar of Uskayaw.
  4580 | D:6      | Found a staircase to the Ecumenical Temple.
  4660 | Temple   | Entered the Ecumenical Temple
  5021 | D:6      | Reached skill level 12 in Axes
  5066 | D:6      | Reached XP level 9. HP: 28/50 MP: 10/10
  5630 | D:7      | Noticed Prince Ribbit
  5645 | D:7      | Demolished by an orc warrior

Illustrated notes

Levels and vault maps discovered:
D:1:      psy_arrival_dodecagon, layout_rooms, corexii_corridor_pit
D:2:      layout_loops_ring
D:3:      layout_basic, mainiacjoe_overflow_small_starburst,
          chequers_serial_rivers_large_b
D:4:      layout_loops_corners, minivault_11
D:5:      layout_rooms, xom_teletrap_fun, lemuel_crystal_altar, serial_shops,
          nicolae_shop_advertising_works [nicolae_subvault_shop_adworks]
D:6:      layout_loops_ring, nicolae_overflow_two_pavilions, temple_doors_e,
          grunt_ministairs_11
D:7:      lemuel_slime, layout_loops_ring, nzn_wu_jian_council_hall,
          nicolae_dithmenos_through_a_glass_darkly,
          lemuel_mausoleum_altar_yredelemnul, kennysheep_generic_room_7,
          uniq_prince_ribbit1
Temple:   nicolae_temple_slightly_damp_pantheon

Skill      XL: |  1  2  3  4  5  6  7  8 |
---------------+-------------------------+-----
Axes           | 4 5 6 8 9 12 | 12.7
Fighting       | |  3.0
Armour         | |  3.2
Shields        | |  3.0

Action                     |  1- 3 |  4- 6 |  7- 9 || total
---------------------------+-------+-------+-------++-------
  Melee: War axe           |    54 |       |       ||    54
         Kick              |    14 |    33 |    57 ||   104
         Peck              |     5 |    24 |    34 ||    63
         Hand axe          |    11 |   143 |   175 ||   329
    Use: Potion            |       |       |     2 ||     2
 Armour: Scale mail        |    25 |       |       ||    25
         Chain mail        |     6 |    66 |    59 ||   131
         Plate armour      |       |       |    17 ||    17
  Dodge: Dodged            |    25 |    38 |    50 ||   113
  Block: Buckler           |    10 |    30 |    28 ||    68
